 Dungeon Crawl Stone Soup version 0.31-a0-983-g7b6862f502 (webtiles) character file.

Game seed: 15006815682454652024

347 FakeRyeBread the Covered (level 6, -4/39 HPs)
             Began as a Gargoyle Fighter on Nov 2, 2023.
             Slain by a gnoll
             ... wielding a +0 spear
              (7 damage)
             ... on level 4 of the Dungeon.
             The game lasted 00:10:10 (4111 turns).

FakeRyeBread the Covered (Gargoyle Fighter)         Turns: 4111, Time: 00:10:10

Health: -4/39      AC: 16    Str: 21    XL:     6   Next: 59%
Magic:  6/6        EV:  8    Int:  9    God:
Gold:   160        SH:  4    Dex:  9    Spells: 5/5 levels left

rFire   . . .        a - +0 flail
rCold   . . .        c - +0 buckler
rNeg    + . .        j - +0 chain mail
rPois   ∞            m - +0 helmet
rElec   +            f - +0 cloak
rCorr   .            (no gloves)
SInv    .            (no boots)
Will    .....        (no amulet) Stlth
                     (no ring)
HPRegen 0.26/turn    (no ring)
MPRegen 0.10/turn

%: no passive effects
@: hasted, very quick
A: sickness immunity, AC +4, negative energy resistance 1, electricity
resistance, torment resistance 1, petrification resistance
a: no special abilities


You were on level 4 of the Dungeon.
You visited 1 branch of the dungeon, and saw 4 of its levels.

You collected 160 gold pieces.

Inventory:

Hand Weapons
 a - a +0 flail (weapon)
Missiles
 q - a throwing net
Armour
 c - a +0 buckler (worn)
 f - a +0 cloak (worn)
 j - a +0 chain mail (worn)
 m - a +0 helmet (worn)
Jewellery
 b - an amulet of magic regeneration
Scrolls
 e - a scroll of revelation
 k - 2 scrolls of enchant armour {unknown}
 l - a scroll of amnesia {unknown}
 n - a scroll of torment {unknown}
Potions
 d - a potion of might
 g - a potion of attraction
 i - a potion of brilliance


   Skills:
 + Level 4.5 Fighting
 * Level 4.5 Maces & Flails
 + Level 4.6 Armour
 + Level 4.5 Shields


You had 5 spell levels left.
You didn't know any spells.
Your spell library contained the following spells:

 Spells                   Type           Power      Damage    Failure   Level
 Volatile Blastmotes      Fire/Tloc      0%         2d10      100%        3
 Fulminant Prism          Conj/Hex       0%         3d5       100%        4
 Iskenderun's Mystic Bla  Conj/Tloc      0%         2d3       100%        4
 Petrify                  Tmut/Erth      0%         N/A       100%        4
 Summon Ice Beast         Ice/Summ       0%         N/A       100%        4
 Irradiate                Conj/Tmut      0%         3d11      100%        5
 Summon Mana Viper        Hex/Summ       0%         N/A       100%        5
 Monstrous Menagerie      Summ           0%         N/A       100%        7
 Sublimation of Blood     Necr           Unusable   N/A       N/A         2

Dungeon Overview and Level Annotations

Branches:
Dungeon (4/15)
 Temple: D:4-7

Altars:
Gozag
Nemelex Xobeh
Ru


Innate Abilities, Weirdness & Mutations

You are immune to sickness and miasma.
Your stone body is resilient. (AC +4)
You are immune to poison.
You resist negative energy. (rN+)
You are resistant to electric shocks. (rElec)
You are resistant to unholy torment.
You are immune to petrification.


Message History

The water moccasin is almost dead.
The water moccasin bites you!
* * * LOW HITPOINT WARNING * * *
You barely miss the water moccasin.
The water moccasin is almost dead.
The water moccasin bites you but does no damage. x2
You closely miss the water moccasin.
The water moccasin is almost dead.
The water moccasin bites you.
* * * LOW HITPOINT WARNING * * *
The water moccasin closely misses you.
It was a potion of cancellation.
You feel magically purged.
The water moccasin bites you but does no damage.
It was a potion of haste.
You feel yourself speed up. The water moccasin barely misses you.
The water moccasin closely misses you.
You thump the water moccasin!
You kill the water moccasin!
You barely miss the ball python.
The ball python bites you but does no damage.
The ball python grabs you. The ball python constricts you.
You barely miss the ball python. The ball python bites you.
* * * LOW HITPOINT WARNING * * *
The ball python constricts you.
You closely miss the ball python.
The ball python bites you but does no damage.
The ball python constricts you.
You sock the ball python!
You kill the ball python!
You closely miss the gnoll. The gnoll hits you with a +0 whip.
* * * LOW HITPOINT WARNING * * *
You hit the gnoll.
The gnoll is lightly wounded.
The gnoll hits you but does no damage.
You closely miss the gnoll.
The gnoll is lightly wounded.
The gnoll hits you but does no damage.
You sock the gnoll!
You kill the gnoll!
The gnoll hits you from afar with a +0 spear!
You die...

.#### ...... ......
......#####
......##.. .....#.# #
#..#<##.#
######.......#
.........#@####
#.#.###.)#)#
#.#.###).#g#
#.........g######...
.##.#.###..##.......#
......###.g##.#####.#
#......).##.#
###.....#.#.#
#...##.##.#


You could see 2 gnolls.

Vanquished Creatures
  A water moccasin (D:4)
  Crazy Yiuf (D:3)
  Natasha (thrice) (D:3)
  Robin (D:2)
  2 gnolls (D:4)
  2 adders (D:2)
  2 dart slugs
  4 orcs
  7 endoplasms
  2 giant cockroaches (D:1)
  12 hobgoblins
  3 jackals (D:1)
  6 kobolds
  3 quokkas
  9 ball pythons
  6 bats
  10 frilled lizards
  15 goblins
  5 rats
94 creatures vanquished.

Notes
Turn   | Place    | Note
-------+----------+-------------------------------------------
     0 | D:1      | FakeRyeBread the Gargoyle Fighter began the quest for the
                  | Orb.
     0 | D:1      | Reached XP level 1. HP: 14/14 MP: 1/1
    94 | D:1      | Reached XP level 2. HP: 18/19 MP: 2/2
   454 | D:1      | Reached XP level 3. HP: 22/23 MP: 3/3
  1768 | D:2      | Reached XP level 4. HP: 29/29 MP: 4/4
  1777 | D:2      | Noticed Robin
  1791 | D:2      | Killed Robin
  2523 | D:3      | Found a sacrificial altar of Ru.
  2523 | D:3      | Found an opulent altar of Gozag.
  2523 | D:3      | Found a sparkling altar of Nemelex Xobeh.
  2763 | D:3      | Found a runed translucent door.
  2764 | D:3      | Noticed Crazy Yiuf
  2894 | D:3      | Reached XP level 5. HP: 20/33 MP: 5/5
  3184 | D:3      | Noticed Natasha
  3190 | D:3      | Killed Natasha
  3544 | D:3      | Killed Crazy Yiuf
  3741 | D:3      | Noticed Natasha
  3756 | D:3      | Killed Natasha
  3891 | D:3      | Noticed Natasha
  3909 | D:3      | Killed Natasha
  3910 | D:3      | Reached XP level 6. HP: 14/39 MP: 6/6
  4059 | D:4      | Identified the ring of Grace {Fly Will+}
  4061 | D:4      | Noticed a water moccasin
  4103 | D:4      | Killed a water moccasin
  4111 | D:4      | Slain by a gnoll

Illustrated notes

Levels and vault maps discovered:
D:1:      amcnicky_arrival_choice, layout_basic
D:2:      layout_basic, kennysheep_potato, uniq_robin
D:3:      minmay_diamond_boxcup, layout_loops_corners,
          gammafunk_temple_overflow_claw, chequers_serial_rivers_large_b,
          nicolae_kite_square_tiling_tiny, uniq_natasha, uniq_crazy_yiuf_cottage
D:4:      layout_loops_cross, portal_sewer_entry_c, uniq_ijyb

Skill      XL: |  1  2  3  4  5 |
---------------+----------------+-----
Maces & Flails | 3 4 |  4.5
Fighting       | 4 |  4.5
Armour         | 4 |  4.6
Shields        | 4 |  4.5

Action                     |  1- 3 |  4- 6 || total
---------------------------+-------+-------++-------
  Melee: Flail             |   148 |   222 ||   370
    Use: Scroll            |       |     4 ||     4
         Potion            |       |     4 ||     4
 Armour: Scale mail        |    56 |       ||    56
         Chain mail        |    39 |   234 ||   273
  Dodge: Dodged            |    57 |   104 ||   161
  Block: Buckler           |    20 |    57 ||    77

Table legend: (Time is in decaauts)
 A = Elapsed time spent in this place.
 B = Non-inter-level travel time spent in this place.
 C = Inter-level travel time spent in this place.
 D = Time resting spent in this place.
 E = Time spent auto-exploring this place.
 F = Levels seen in this place.
 G = Mean time per level.
                   A        B        C        D        E       F      G
               +--------+--------+--------+--------+--------+-----+--------+
         Total |   4267 |   3611 |    656 |    309 |   2395 |   4 | 1066.8 |
       Dungeon |   4267 |   3611 |    656 |    309 |   2395 |   4 | 1066.8 |
               +--------+--------+--------+--------+--------+-----+--------+

Top non-repeatable levels by time:
     D:3: 1753 daAuts
     D:1: 1303 daAuts
     D:2: 1114 daAuts
     D:4: 96 daAuts
